 Dungeon Crawl Stone Soup version 0.28.0-1-gb440e238dd (webtiles) character file.

Game seed: 6335138512529622875

28333 boopmooplesden the Impaler (level 13, -1/122 HPs)
             Began as a Minotaur Fighter on Feb 23, 2022.
             Was a High Priest of Okawaru.
             Succumbed to a cane toad's poison
             ... on level 3 of the Lair of Beasts.
             The game lasted 00:25:09 (13108 turns).

boopmooplesden the Impaler (Minotaur Fighter)      Turns: 13108, Time: 00:25:10

Health: -1/122     AC: 27    Str: 22    XL:     13   Next: 9%
Magic:  12/12      EV:  8    Int:  5    God:    Okawaru [*****.]
Gold:   811        SH:  7    Dex: 17    Spells: 12/12 levels left

rFire   + . .      SeeInvis .   a - +6 demon trident (venom)
rCold   . . .      Faith    .   c - +0 buckler
rNeg    . . .      Spirit   .   D - +2 plate armour
rPois   .          Reflect  .   (helmet restricted)
rElec   .          Harm     .   f - +2 cloak
rCorr   .          Rampage  .   V - +1 pair of gloves {Dex+3}
Will    .....                   G - +2 pair of boots
Stlth   ..........              (no amulet)
HPRegen 0.30/turn               W - ring of the City {Wiz rF+}
MPRegen 0.13/turn               (no ring)

@: lethally poisoned (-1 -> -25)
A: horns 2, retaliatory headbutt
a: Renounce Religion, Heroism, Finesse, Duel


You were on level 3 of the Lair of Beasts.
You worshipped Okawaru.
Okawaru was extremely pleased with you.
You visited 3 branches of the dungeon, and saw 15 of its levels.
You also visited: Bailey and Gauntlet.

You collected 1051 gold pieces.
You spent 240 gold pieces at shops.

Inventory:

Hand Weapons
 a - a +6 demon trident of venom (weapon)
 b - a +2 hunting sling of flaming
 g - the +6 spear "Uhatz" {drain, rPois rCorr}
   (You bought it in a shop on level 5 of the Dungeon)

   A truly terrible weapon, it drains the life of any living foe it strikes.
   rPois:     It protects you from poison.
   rCorr:     It protects you from acid and corrosion.
 x - a +0 hunting sling
 C - the +5 demon whip "Dragonslayer" {flame, rPois}
   (You took it off a kobold demonologist on level 9 of the Dungeon)

   It burns those it strikes, dealing additional fire damage.
   rPois:     It protects you from poison.
Missiles
 j - 479 stones (quivered)
 p - 2 throwing nets
 s - 12 javelins
Armour
 c - a +0 buckler (worn)
 f - a +2 cloak (worn)
 D - a +2 plate armour (worn)
 G - a +2 pair of boots (worn)
 Q - a +0 cloak of stealth
 V - a +1 pair of gloves of dexterity (worn)
 Z - a scarf of resistance
Jewellery
 o - the ring of Esuwkoa {Drain +Blink rF+ Str+4 Stlth+, Y33}
   (You acquired it on level 5 of the Dungeon)

   [ring of protection from fire]

   Str:       It affects your strength (+4).
   rF:        It protects you from fire.
   +Blink:    It lets you blink.
   Drain:     It drains your maximum health when unequipped.
   Stlth:     It makes you more stealthy.
 M - an amulet of regeneration
 P - a ring of magical power
 S - an amulet of the acrobat
 T - an amulet of reflection
 W - the ring of the City (left hand) {Wiz rF+}
   (You took it off a minotaur in a Gauntlet)

   [ring of wizardry]

   It improves your spell success rate.
   rF:        It protects you from fire.
 X - the amulet "Haikk" {Faith rCorr SInv}
   (You acquired it on level 3 of the Lair of Beasts)

   [amulet of faith]

   It allows you to gain divine favour quickly.
   SInv:      It lets you see invisible.
   rCorr:     It protects you from acid and corrosion.
Wands
 q - a wand of iceblast (5)
 v - a wand of polymorph (18)
 A - a wand of digging (12)
 J - a wand of flame (15)
Scrolls
 i - 3 scrolls of holy word
 r - 3 scrolls of magic mapping
 w - 5 scrolls of teleportation
 y - a scroll of fog
 B - a scroll of fear
 E - 3 scrolls of amnesia
 H - 2 scrolls of identify
 N - a scroll of silence
 R - a scroll of acquirement
 U - a scroll of blinking
Potions
 d - 3 potions of might
 e - 3 potions of lignification
 k - 4 potions of flight
 l - a potion of ambrosia
 m - 2 potions of haste
 n - a potion of attraction
 t - 4 potions of curing
 u - 2 potions of berserk rage {unknown}
 z - 2 potions of mutation {unknown}
 F - a potion of brilliance {unknown}
 I - a potion of invisibility {unknown}
 K - a potion of resistance
 L - a potion of heal wounds
 O - a potion of cancellation
Miscellaneous
 Y - a tin of tremorstones (2/2)


   Skills:
 + Level 13.1 Fighting
 + Level 4.5(11.3) Axes
 + Level 15.9(16.1) Polearms
 + Level 2.7 Slings
 + Level 13.2 Armour
 + Level 2.5 Dodging
 + Level 1.6 Stealth
 + Level 10.3 Shields
 + Level 1.3 Invocations


You had 12 spell levels left.
You didn't know any spells.
Your spell library contained the following spells:

 Spells                   Type           Power      Damage    Failure   Level
 Freeze                   Ice            0%         1d3       93%         1
 Magic Dart               Conj           0%         1d3       93%         1
 Shock                    Conj/Air       0%         1d3       93%         1
 Ensorcelled Hibernation  Hex/Ice        0%         N/A       98%         2
 Searing Ray              Conj           0%         2d4       98%         2
 Frozen Ramparts          Ice            0%         1d2       100%        3
 Gell's Gravitas          Tloc           0%         N/A       100%        3
 Ozocubu's Armour         Ice            0%         N/A       100%        3
 Portal Projectile        Hex/Tloc       0%         N/A       100%        3
 Spider Form              Tmut/Pois      0%         N/A       100%        3
 Swiftness                Air            0%         N/A       100%        3
 Teleport Other           Tloc           0%         N/A       100%        3
 Airstrike                Air            0%         N/A       100%        4
 Anguish                  Hex/Necr       0%         N/A       100%        4
 Cause Fear               Hex            0%         N/A       100%        4
 Fulminant Prism          Conj/Hex       0%         3d6       100%        4
 Hailstorm                Conj/Ice       0%         3d3       100%        4
 Blade Hands              Tmut           0%         N/A       100%        5
 Excruciating Wounds      Necr           0%         N/A       100%        5
 Lightning Bolt           Conj/Air       0%         1d11      100%        5
 Metabolic Englaciation   Hex/Ice        0%         N/A       100%        5
 Dispersal                Tloc           0%         N/A       100%        6
 Dragon Form              Tmut           0%         N/A       100%        7
 Summon Lightning Spire   Summ/Air       Unusable   N/A       N/A         4
 Simulacrum               Ice/Necr       Unusable   N/A       N/A         6
 Dragon's Call            Summ           Unusable   N/A       N/A         9

Dungeon Overview and Level Annotations

Branches:
Dungeon (11/15)            Temple (1/1) D:7            Lair (3/6) D:11
 Shoals (0/4) Lair:2       Spider (0/4) Lair:2          Orc (0/2) D:11
 Bailey (visited)         Gauntlet (visited)

Altars:
Cheibriados
Dithmenos
Fedhas
Gozag
Makhleb
Okawaru
Ru
Vehumet
Wu Jian
Xom
Yredelemnul
Zin
The Shining One

Shops:
D:5 (

Annotations:
Lair:3 FuzzyBison's ghost, journeyman KoBe


Innate Abilities, Weirdness & Mutations

You have a pair of horns on your head.
You reflexively headbutt those who attack you in melee.


Message History

The rime drake bites you but does no damage.
You impale the rime drake!!
The rime drake looks as sick as possible!
Your headbutt misses the rime drake.
The rime drake is almost dead.
You block the rime drake's attack.
You impale the rime drake!!
You kill the rime drake!
Okawaru accepts your kill.
You feel sick.
The cane toad rages.
You puncture the cane toad!
You kill the cane toad!
Okawaru accepts your kill.
You feel sick. The cane toad stings you!!
* * * LOW HITPOINT WARNING * * *
You feel like a meek peon again.
You feel sick.
You feel sick.
You are no longer poisoned.
The yak gores you but does no damage.
The moth of wrath angrily waves its antennae.
You block the cane toad's attack. The yak gores you but does no damage.
There is a transporter here.
You enter the transporter and appear at another place.
The cane toad stings you.
* * * LOW HITPOINT WARNING * * *
You block the yak's attack. The cane toad barely misses you.
You furiously retaliate!
You headbutt the cane toad, but do no damage.
You feel much better. The yak completely misses you. The cane toad stings you!
* * * LOW HITPOINT WARNING * * *
You are lethally poisoned!
The cane toad poisons you! The yak gores you but does no damage.
The cane toad stings you!
* * * LOW HITPOINT WARNING * * *
Blink to where?
Press: ? - help, Dir - move target
As you read the scroll of blinking, it crumbles to dust.
You die...

.#.†.#W.©#.......................
..#.##y.##Y......................
#$#...#.#§F.........#..###.#.###.
#Y#.....##...##........##########
#:=.©#...#.........##...#.P##.###
#(.#...#.#.........#...........P#
#.....#.##.............P.#.......
..#.#...#.....#....##..###.##..##
..#.#...#.......@..#...P######..#
#.......#....#####..#..##P#.....#
###...###....#####..#............
..#####..........................
.................[....[..........
............<...<................
.................................
........ ..P#P##P###)............
.#.†#.+### ## #####.............


You could see a yak (berserk) and a cane toad (berserk).

Vanquished Creatures
  A minotaur (Gauntlet)
  2 vault guards (Bailey)
  5 hydras
  A catoblepas (Lair:3)
  A two-headed ogre (D:11)
  A sixfirhy (Gauntlet)
  A lindwurm (Lair:3)
  An orc knight (D:10)
  A wizard (Gauntlet)
  2 ugly things
  A cyclops (D:9)
  A moth of wrath (Gauntlet)
  7 cane toads
  A smoke demon (Gauntlet)
  3 komodo dragons
  2 rime drakes (Lair:3)
  A kobold demonologist (D:9)
  A demonic crawler (Lair:2)
  A troll (D:11)
  A red devil (Gauntlet)
  Prince Ribbit (Bailey)
  31 yaks
  A wraith (D:9)
  A steam dragon (Lair:3)
  4 humans (Bailey)
  A vampire mosquito (D:9)
  An acid dragon (D:9)
  Duvessa (D:6)
  5 water moccasins
  3 sky beasts
  9 orc warriors
  A swamp drake (D:11)
  5 necrophages
  3 black bears
  2 ogres
  A boggart (D:9)
  2 hornet zombies
  12 wolves
  4 centaurs
  A kobold brigand (D:9)
  A phantom (D:6)
  14 bullfrogs
  A wyvern zombie (D:8)
  7 scorpions
  A water moccasin skeleton (D:5)
  Dowan (D:6)
  8 wights
  A howler monkey (D:5)
  3 bullfrog zombies
  2 crimson imps (Gauntlet)
  2 hounds
  6 centaur zombies
  13 orc priests
  A bullfrog skeleton (D:6)
  2 gnoll shamans
  A jelly (D:4)
  4 iguanas
  13 orc wizards
  A hound zombie (D:5)
  2 howler monkey zombies
  5 adders
  10 gnolls
  A howler monkey skeleton (D:7)
  A shadow imp (Gauntlet)
  2 white imps (D:5)
  5 ufetubi
  5 worms
  A dart slug (D:2)
  41 orcs
  5 endoplasms
  6 giant cockroaches
  11 goblins
  8 hobgoblins
  3 jackals (D:1)
  3 quokkas
  6 ball pythons
  4 bats
  6 frilled lizards
  13 kobolds
  2 rats (D:3)
346 creatures vanquished.

Vanquished Creatures (others)
  An orc (D:11)
  18 demonic plants (Gauntlet)
  5 fungi
  11 plants
35 creatures vanquished.

Grand Total: 381 creatures vanquished

Notes
Turn   | Place    | Note
-------+----------+-------------------------------------------
     0 | D:1      | boopmooplesden the Minotaur Fighter began the quest for the
                  | Orb.
     0 | D:1      | Reached XP level 1. HP: 19/19 MP: 0/0
   181 | D:1      | Reached XP level 2. HP: 27/27 MP: 1/1
   577 | D:2      | Reached XP level 3. HP: 33/33 MP: 2/2
   797 | D:2      | Found a faded altar of an unknown god.
  1286 | D:2      | Identified a scroll of acquirement
  1286 | D:2      | Acquired a +2 demon trident of venom
  1366 | D:3      | Noticed a black bear
  1371 | D:3      | Killed a black bear
  1372 | D:3      | Reached XP level 4. HP: 27/40 MP: 3/3
  1372 | D:3      | Reached XP level 5. HP: 31/46 MP: 4/4
  1586 | D:3      | Reached skill level 1 in Slings
  1904 | D:3      | Reached skill level 1 in Polearms
  2595 | D:4      | Noticed a necrophage
  2599 | D:4      | Killed a necrophage
  2600 | D:4      | Reached skill level 3 in Polearms
  2600 | D:4      | Reached XP level 6. HP: 52/53 MP: 5/5
  2902 | D:4      | Reached skill level 4 in Polearms
  3100 | D:5      | Entered Level 5 of the Dungeon
  3119 | D:5      | Reached skill level 5 in Armour
  3128 | D:5      | Reached XP level 7. HP: 56/60 MP: 6/6
  3168 | D:5      | Reached skill level 5 in Fighting
  3168 | D:5      | Reached skill level 5 in Polearms
  3325 | D:5      | Reached skill level 6 in Polearms
  3325 | D:5      | Reached skill level 5 in Shields
  3450 | D:5      | HP: 3/61 [white imp/puff of frost (10)]
  3451 | D:5      | Reached skill level 7 in Polearms
  3451 | D:5      | Reached XP level 8. HP: 4/68 MP: 7/7
  3811 | D:5      | Found Adu Iciu's Antique Weapon Shoppe.
  3905 | D:5      | Acquired the ring of Esuwkoa {Drain +Blink rF+ Str+4
                  | Stlth+}
  4154 | D:6      | Noticed Dowan
  4154 | D:6      | Noticed Duvessa
  4176 | D:6      | Killed Duvessa
  4179 | D:6      | Killed Dowan
  4180 | D:6      | Reached skill level 8 in Polearms
  4180 | D:6      | Reached skill level 1 in Dodging
  5105 | D:6      | Reached XP level 9. HP: 75/75 MP: 8/8
  5467 | D:5      | Bought a transparent spear for 240 gold pieces
  5467 | D:5      | Identified the +6 spear "Uhatz" {drain, rPois rCorr} (You
                  | bought it in a shop on level 5 of the Dungeon)
  5505 | D:7      | Reached skill level 9 in Polearms
  5552 | D:7      | Found a flagged portal.
  5590 | Bailey   | Entered a bailey
  5648 | Bailey   | Reached skill level 10 in Polearms
  5790 | Bailey   | Noticed a vault guard
  5800 | Bailey   | Killed a vault guard
  5801 | Bailey   | Reached skill level 11 in Polearms
  5824 | Bailey   | Noticed Prince Ribbit
  5824 | Bailey   | Noticed a vault guard
  5836 | Bailey   | Killed a vault guard
  5837 | Bailey   | Reached XP level 10. HP: 54/88 MP: 9/9
  5837 | Bailey   | Killed Prince Ribbit
  6204 | D:7      | Found a staircase to the Ecumenical Temple.
  6223 | Temple   | Entered the Ecumenical Temple
  6256 | Temple   | Became a worshipper of Warmaster Okawaru
  6384 | D:8      | Reached skill level 12 in Polearms
  6534 | D:8      | Reached * piety under Okawaru
  6731 | D:8      | Found a burning altar of Makhleb.
  6866 | D:8      | Identified the +6 mace of Utousm {holy, rF+ Stlth+}
  7009 | D:8      | Found a glowing silver altar of Zin.
  7131 | D:9      | Noticed a purple ugly thing
  7131 | D:9      | Noticed a cyclops
  7156 | D:9      | Killed a purple ugly thing
  7170 | D:9      | Paralysed by a hornet for 3 turns
  7182 | D:9      | Reached skill level 13 in Polearms
  7189 | D:9      | Killed a cyclops
  7189 | D:9      | Reached ** piety under Okawaru
  7238 | D:9      | Identified the +5 demon whip "Dragonslayer" {flame, rPois}
  7330 | D:9      | Reached XP level 11. HP: 97/97 MP: 10/10
  7871 | D:10     | Entered Level 10 of the Dungeon
  7979 | D:10     | Noticed an orc knight
  8005 | D:10     | Reached skill level 10 in Armour
  8007 | D:10     | Killed an orc knight
  8007 | D:10     | Reached *** piety under Okawaru
  8860 | D:11     | Noticed a two-headed ogre
  8867 | D:11     | Killed a two-headed ogre
  8897 | D:11     | Found a staircase to the Lair.
  8906 | D:11     | Noticed a green ugly thing
  8913 | D:11     | Killed a green ugly thing
  8914 | D:11     | Reached skill level 14 in Polearms
  8973 | D:11     | Identified the +3 mace of Cheibriados's Regard {holy, Int+2
                  | SInv Stlth+}
  9015 | D:11     | Reached skill level 10 in Fighting
  9046 | D:11     | Noticed a four-headed hydra
  9053 | D:11     | Killed a four-headed hydra
  9053 | D:11     | Reached **** piety under Okawaru
  9161 | D:11     | Found a staircase to the Orcish Mines.
  9281 | Lair:1   | Entered Level 1 of the Lair of Beasts
  9294 | Lair:1   | Noticed a seven-headed hydra
  9303 | Lair:1   | Killed a seven-headed hydra
  9396 | Lair:1   | Reached ***** piety under Okawaru
  9419 | Lair:1   | Found a gate leading to a gauntlet.
  9430 | Gauntlet | Entered a Gauntlet
  9430 | Gauntlet | Noticed a sixfirhy
  9430 | Gauntlet | Noticed a death yak
  9430 | Gauntlet | Found a transporter.
  9430 | Gauntlet | Found a transporter.
  9430 | Gauntlet | Found a transporter.
  9431 | Gauntlet | Found a transporter.
  9431 | Gauntlet | Noticed a death yak
  9433 | Gauntlet | Noticed a death yak
  9434 | Gauntlet | Found a transporter.
  9435 | Gauntlet | Noticed a death yak
  9460 | Gauntlet | Killed a sixfirhy
  9470 | Gauntlet | Found a transporter.
  9492 | Gauntlet | Found a transporter.
  9516 | Gauntlet | Reached XP level 12. HP: 72/110 MP: 11/11
  9523 | Gauntlet | Reached skill level 15 in Polearms
  9531 | Gauntlet | Found a transporter.
  9575 | Gauntlet | Found a transporter.
  9580 | Gauntlet | Received a gift from Okawaru
  9583 | Gauntlet | Found a transporter.
  9611 | Gauntlet | Found a transporter.
  9890 | Gauntlet | Found a transporter.
  9899 | Gauntlet | Identified the ring of the City {Wiz rF+}
  9899 | Gauntlet | Noticed a minotaur
  9916 | Gauntlet | Killed a minotaur
  9975 | Lair:1   | Reached skill level 1 in Invocations
  9983 | Lair:1   | Noticed a six-headed hydra
 10008 | Lair:1   | Killed a six-headed hydra
 10939 | Lair:2   | Found a hole to the Spider Nest.
 10969 | Lair:2   | Reached skill level 1 in Stealth
 11404 | Lair:2   | Found a staircase to the Shoals.
 11734 | Lair:2   | Received a gift from Okawaru
 12193 | Lair:3   | Found the +7 Kryia's mail coat {PotionHeal*2 rC+}
 12202 | Lair:3   | Found a transporter.
 12360 | Lair:3   | Received a gift from Okawaru
 12386 | Lair:3   | Reached skill level 10 in Shields
 12431 | Lair:3   | Acquired the amulet "Haikk" {Faith rCorr SInv}
 12439 | Lair:3   | Noticed a catoblepas
 12451 | Lair:3   | Killed a catoblepas
 12521 | Lair:3   | Noticed a seven-headed hydra
 12529 | Lair:3   | Killed a seven-headed hydra
 12801 | Lair:3   | Reached XP level 13. HP: 85/119 MP: 12/12
 13058 | Lair:3   | Noticed FuzzyBison's ghost (journeyman KoBe)
 13064 | Lair:3   | Found a transporter.
 13107 | Lair:3   | HP: 5/122 [cane toad (13)]
 13108 | Lair:3   | Succumbed to a cane toad's poison

Illustrated notes

Levels and vault maps discovered:
D:1:      amcnicky_arrival_blooded_trapdoor, layout_basic,
          minmay_misc_feat_tower
D:2:      layout_basic, hellmonk_ecumenical_altar_run_dry,
          kennysheep_generic_room_15
D:3:      layout_loops_ring
D:4:      layout_loops_ring, minmay_misc_feat_cross
D:5:      layout_basic, serial_shops, shop
D:6:      layout_basic, serial_park_tiny_pond, lemuel_flame_loot_1, uniq_duvessa
D:7:      layout_rooms, minmay_temple_entry_nine_rooms, enter_bailey_2
D:8:      layout_gridville, zin_treasury, david_defended_altar_orc
D:9:      minmay_bloctagon_deflated, layout_irregular_city
D:10:     layout_gridville, serial_bayou_pond_d
D:11:     layout_rooms, lair_entry_dummy, erik_orc_1, serial_corexii_hall,
          corexii_hall_statues_i, corexii_hall_statues_i
Temple:   kilobyte_greek_temple
Lair:1:   layout_misc_corridors, nicolae_volcano_entry_s_turn,
          gauntlet_entry_generic
Lair:2:   layout_cave_pods, elwin_shoals_entry_rocks,
          nicolae_spider_entry_non_spiders, beast_lair_carwin_4
Lair:3:   layout_regular_city, gammafunk_ghost_berserking_beasts,
          serial_bayou_shore_b, grunt_megastairs_2, lemuel_fruit_tree

Skill      XL: |  1  2  3  4  5  6  7  8  9 10 11 12 13 |
---------------+----------------------------------------+-----
Shields        | 4 5 6 7 8 10 | 10.3
Armour         | 4 5 7 8 9 11 13 | 13.2
Axes           | 3 4 |  4.5
Fighting       | 4 5 6 8 9 11 12 13 | 13.1
Slings         | 2 |  2.7
Polearms       | 3 4 7 8 11 13 14 15 | 15.9
Dodging        | 1 2 |  2.5
Invocations    | 1 |  1.3
Stealth        | 1 |  1.6

Action                   |  1- 3 |  4- 6 |  7- 9 | 10-12 | 13-15 || total
-------------------------+-------+-------+-------+-------+-------++-------
Melee: War axe           |    70 |       |       |       |       ||    70
       Headbutt          |    13 |    18 |    28 |   139 |     7 ||   205
       Demon trident     |     4 |    99 |   227 |   573 |    24 ||   927
 Fire: Hunting sling     |    10 |     2 |       |     7 |       ||    19
Invok: Heroism           |       |       |       |     6 |     1 ||     7
  Use: Scroll            |     4 |     5 |     4 |    19 |     1 ||    33
       Potion            |       |       |     1 |       |     1 ||     2
Armor: Scale mail        |     9 |       |       |       |       ||     9
       Chain mail        |    42 |    51 |    71 |       |       ||   164
       Plate armour      |       |       |    51 |   411 |    25 ||   487
Dodge: Dodged            |    39 |    28 |    57 |   198 |    17 ||   339
Block: Buckler           |    25 |    17 |    52 |   181 |    19 ||   294
